 Dungeon Crawl Stone Soup version 0.22.0 (webtiles) character file.

604957 Lavandula the Executioner (level 24, -18/195 (199) HPs)
             Began as a Centaur Berserker on Aug 8, 2018.
             Was the Champion of the Shining One.
             Demolished by a shard shrike (51 damage)
             ... on level 2 of Cocytus on Aug 11, 2018.
             The game lasted 04:07:15 (31405 turns).

Lavandula the Executioner (Centaur Berserker)      Turns: 31405, Time: 04:07:15

HP:   -18/195 (199) AC: 35    Str: 32      XL:     24   Next: 77%
MP:   24/28         EV: 31    Int: 12 (13) God:    the Shining One [******]
Gold: 1238          SH:  0    Dex: 20      Spells: 26/34 levels left

rFire    + + .     SeeInvis +   m - +9 executioner's axe (holy)
rCold    . . .     Gourm    .   (shield currently unavailable)
rNeg     + + +     Faith    .   x - +6 scale mail of Ibykusoze {Regen+ Str+2 Stlth+}
rPois    +         Spirit   .   E - +2 hat {MR+}
rElec    +         Reflect  .   k - +2 cloak {MR+}
rCorr    .         Harm     .   y - +2 pair of gloves of Makhleb's Hope {*Drain rF+ Dex+8}
MR       +++..     NoTele   +   V - +4 centaur barding {rC+}
Stlth    ++........             l - amulet of the acrobat
HPRegen  0.82/turn              G - ring "Bikae" {Fire -Tele rPois Str+4 Slay+3}
MPRegen  0.21/turn              T - ring "Gofa" {rElec Int+4 SInv Stlth+}

@: glowing, very quick
A: large, hooves 3, blink, blurry vision 1, deformed body, speed 2, frail 1, low
mp 1, tough skin 3, wild magic 1
}: 6/15 runes: decaying, slimy, silver, obsidian, bone, gossamer
a: Blink, Divine Shield, Cleansing Flame, Summon Divine Warrior, Renounce
Religion


You were on level 2 of Cocytus.
You worshipped the Shining One.
The Shining One was exalted by your worship.
You were very hungry.

You visited 15 branches of the dungeon, and saw 64 of its levels.
You visited 1 bazaar.
You visited 1 ziggurat, and saw 6 of its levels.
You also visited: Ice Cave and Wizlab.

You collected 5893 gold pieces.
You spent 4655 gold pieces at shops.

Inventory:

Hand Weapons
 b - a +4 antimagic executioner's axe
 m - a +9 executioner's axe of holy wrath (weapon)
 w - the +5 broad axe "Relujux" {venom, MR+}
   (Trog gifted it to you on level 3 of the Spider Nest)

   It poisons the flesh of those it strikes.
   It affects your resistance to hostile enchantments.
 J - the +9 staff of Wucad Mu {channel}
   (You found it in a wizard's laboratory)
Missiles
 F - 15 poisoned javelins (quivered)
 K - 7 throwing nets
Armour
 i - +0 ice dragon scales
 k - a +2 cloak of magic resistance (worn)
 x - the +6 scale mail of Ibykusoze (worn) {Regen+ Str+2 Stlth+}
   (You bought it in a shop in a bazaar)

   It affects your strength (+2).
   It increases your rate of regeneration.
   It makes you more stealthy.
 y - the +2 pair of gloves of Makhleb's Hope (worn) {*Drain rF+ Dex+8}
   (You acquired it on level 4 of the Lair of Beasts)

   It affects your dexterity (+8).
   It protects you from fire.
   It causes draining when unequipped.
 E - a +2 hat of magic resistance (worn)
 V - a +4 centaur barding of cold resistance (worn)
Jewellery
 l - an amulet of the acrobat (around neck)
 t - an uncursed amulet of guardian spirit
 G - the ring "Bikae" (left hand) {Fire -Tele rPois Str+4 Slay+3}
   (You found it on level 14 of the Dungeon)

   [ring of fire]

   It enhances your fire magic.
   It affects your strength (+4).
   It affects your accuracy and damage with ranged weapons and melee attacks
   (+3).
   It protects you from fire.
   It makes you vulnerable to cold.
   It protects you from poison.
   It prevents most forms of teleportation.
 O - an uncursed ring of resist corrosion
 S - the ring "Ovyg" {*Corrode rN+++ SInv}
   (You found it on level 14 of the Dungeon)

   [ring of see invisible]

   It renders you almost immune to negative energy.
   It lets you see invisible.
   It may corrode you when you take damage.
 T - the ring "Gofa" (right hand) {rElec Int+4 SInv Stlth+}
   (You bought it in a shop in a bazaar)

   [ring of stealth]

   It affects your intelligence (+4).
   It insulates you from electricity.
   It lets you see invisible.
   It makes you more stealthy.
 X - the ring of the Mage {Wiz MR++ Int+3}
   (You found it on level 5 of the Pits of Slime)

   [ring of wizardry]

   It improves your spell success rate.
   It affects your intelligence (+3).
   It affects your resistance to hostile enchantments.
 Z - an uncursed amulet of rage
Wands
 e - a wand of iceblast (17)
 g - a wand of paralysis (23)
 h - a wand of acid (7)
 L - a wand of enslavement (7)
Scrolls
 p - 14 scrolls of teleportation
 q - 2 scrolls of enchant armour
 s - 3 scrolls of fog
 u - 14 scrolls of remove curse
 v - a scroll of holy word
 C - 6 scrolls of blinking
 P - 4 scrolls of identify
 Q - 2 scrolls of magic mapping
 R - 3 scrolls of immolation
 Y - 3 scrolls of vulnerability
Potions
 a - 2 potions of resistance
 j - 2 potions of agility
 n - 3 potions of magic
 o - a potion of berserk rage
 A - 3 potions of curing
 B - 5 potions of lignification
 D - 5 potions of haste
 H - a potion of ambrosia
 M - 3 potions of cancellation
 W - 2 potions of might
Miscellaneous
 d - a lightning rod (4/4)
 f - 2 phantom mirrors
 r - the horn of Geryon
 z - 5 boxes of beasts
 I - a sack of spiders
 N - a lamp of fire
 U - a fan of gales
Comestibles
 c - 24 rations


   Skills:
 + Level 19.4 Fighting
 - Level 25.0 Axes
 - Level 4.0 Throwing
 - Level 13.1 Armour
 - Level 13.1 Dodging
 - Level 5.3 Stealth
   Level 3.2 Shields
 - Level 5.7 Spellcasting
 - Level 3.9 Charms
 - Level 11.0 Invocations
 - Level 5.2 Evocations


You had 26 spell levels left.
You knew the following spells:

 Your Spells              Type           Power        Failure   Level  Hunger
a - Shroud of Golubria    Chrm/Tloc      ##........   30%         2    ##.....
b - Song of Slaying       Chrm           ###.....     14%         2    ##.....
c - Spectral Weapon       Hex/Chrm       ##......     47%         3    ###....
g - Apportation           Tloc           #.....       38%         1    None

Your spell library contained the following spells:

 Spells                   Type           Power        Failure   Level  Hunger
 Magic Dart               Conj           #...         38%         1    None
 Fireball                 Conj/Fire      #.........   100%        5    ######.
 Conjure Flame            Conj/Fire      #.......     75%         3    ###....
 Bolt of Cold             Conj/Ice       #.........   100%        6    #######
 Throw Flame              Conj/Fire      #.....       52%         2    ##.....
 Throw Frost              Conj/Ice       #.....       52%         2    ##.....
 Freezing Cloud           Conj/Ice/Air   #.........   100%        6    #######
 Mephitic Cloud           Conj/Pois/Air  #.......     75%         3    ###....
 Teleport Other           Tloc           #.......     75%         3    ###....
 Death's Door             Chrm/Necr      ##........   100%        8    #######
 Summon Small Mammal      Summ           #...         38%         1    None
 Lehudib's Crystal Spear  Conj/Erth      #.........   100%        8    #######
 Fire Storm               Conj/Fire      #.........   100%        9    #######
 Iskenderun's Mystic Bla  Conj           #.......     98%         4    ####...
 Animate Skeleton         Necr           N/A          38%         1    None
 Haunt                    Necr/Summ      #.........   100%        7    #######
 Borgnjor's Revivificati  Necr           #.........   100%        8    #######
 Ozocubu's Refrigeration  Ice            #.........   100%        6    #######
 Sticky Flame             Conj/Fire      #.......     98%         4    ####...
 Ozocubu's Armour         Chrm/Ice       ##......     47%         3    ###....
 Poison Arrow             Conj/Pois      #.........   100%        6    #######
 Regeneration             Chrm/Necr      ##........   47%         3    ###....
 Tukima's Dance           Hex            #.......     75%         3    ###....
 Shock                    Conj/Air       #...         38%         1    None
 Recall                   Summ/Tloc      N/A          75%         3    ###....
 Ice Form                 Ice/Tmut       #.......     98%         4    ####...
 Necromutation            Tmut/Necr      #.........   100%        8    #######
 Throw Icicle             Conj/Ice       #.......     98%         4    ####...
 Glaciate                 Conj/Ice       #.........   100%        9    #######
 Shadow Creatures         Summ           N/A          100%        6    #######
 Confusing Touch          Hex            #.....       38%         1    None
 Flame Tongue             Conj/Fire      #....        38%         1    None
 Ensorcelled Hibernation  Hex/Ice        #.....       52%         2    ##.....
 Metabolic Englaciation   Hex/Ice        #.........   100%        5    ######.
 Silence                  Hex/Air        #.........   100%        5    ######.
 Dispersal                Tloc           #.........   100%        6    #######
 Static Discharge         Conj/Air       #.......     75%         3    ###....
 Simulacrum               Ice/Necr       #.........   100%        6    #######
 Chain Lightning          Conj/Air       #.........   100%        8    #######
 Tornado                  Air            #.........   100%        9    #######
 Darkness                 Hex            #.........   100%        6    #######
 Inner Flame              Hex/Fire       #.......     75%         3    ###....
 Fulminant Prism          Conj/Hex       #.........   98%         4    ####...
 Dazzling Spray           Conj/Hex       #.....       75%         3    ###....
 Force Lance              Conj/Tloc      #.......     98%         4    ####...
 Infusion                 Chrm           ###.         10%         1    None
 Searing Ray              Conj           #.....       52%         2    ##.....
 Yara's Violent Unravell  Hex/Tmut       #.........   100%        5    ######.
 Infestation              Necr           #.........   100%        8    #######
 Lesser Beckoning         Tloc           #.........   75%         3    ###....
 Borgnjor's Vile Clutch   Necr/Erth      #.........   100%        5    ######.


Dungeon Overview and Level Annotations

Branches:
Dungeon (15/15)            Temple (1/1) D:7            Lair (6/6) D:10
  Swamp (4/4) Lair:4       Spider (4/4) Lair:3        Slime (5/5) Lair:6
    Orc (2/2) D:11            Elf (0/3) Orc:2        Vaults (5/5) D:13
  Crypt (3/3) Vaults:2       Tomb (1/3) Crypt:3      Depths (2/5) D:15
   Hell (1/1)                 Geh (7/7) Hell            Coc (2/7) Hell
    Tar (7/7) Hell
    Dis: Hell:1

Altars:
Ashenzari
Cheibriados
Dithmenos
Elyvilon
Gozag
Hepliaklqana
Kikubaaqudgha
Makhleb
Okawaru
Qazlal
Uskayaw
Vehumet
Xom
Yredelemnul
The Shining One
Beogh
Jiyva

Shops:
D:4 ?   D:15 *   Orc:1 [   Orc:2 ?(*(   Vaults:2 ?   Vaults:4 [   Depths:1 =}}

Portals:
Hell: Depths:1
Abyss: Depths:1

Annotations:
D:14 1 runed door
Orc:2 2 runed doors, exclusion: orange crystal statue
Tar:3 exclusion: oklob plant


Innate Abilities, Weirdness & Mutations

You have hooves in place of feet.
Armour fits poorly on your strangely shaped body.
You cover ground very quickly.
You have extremely tough skin. (AC +3)
You can translocate small distances at will.
Scrolls take you a little longer to read.
You are frail. (-10% HP)
Your magical capacity is low. (-10% MP)
Your spells are a little harder to cast, but a little more powerful.


Message History

Okay, then.
Okay, then.
Okay, then.
The shard shrike screeches!
The shard shrike barely misses you.
Evoke which item? (* to show all) (? for menu, Esc to quit)
Okay, then.
Unknown command.
The shard shrike claws you but does no damage.
You hear a distant blaring wail to the south.
You see here a shard shrike corpse.
A freezing wraith comes into view.
The shard shrike screeches!
The reaper hits you with a scythe of protection.
* * * LOW HITPOINT WARNING * * *
Unknown command.
The shard shrike claws you.
* * * LOW HITPOINT WARNING * * *
The shard shrike freezes you!!!
You die...

≈.≈#≈≈.≈##
#.≈#≈≈..≈##
#≈.#≈≈≈..≈#
#≈.≈≈≈≈..≈≈
#≈.≈≈≈≈≈..≈
##≈†.......≈ ≈
###≈.†...≈≈###
..≈≈#≈.2b..≈≈≈##
≈≈.....@∩.≈≈###
###≈≈....≈≈##
##≈....≈##
##...≈≈# #≈..≈≈#
#≈.≈≈## #≈W≈≈#
#≈.≈≈≈


You could see a shard shrike, a reaper and a freezing wraith (wandering).

Vanquished Creatures
  Asmodeus (Geh:7)
  the Royal Jelly (Slime:5)
  Khufu (Crypt:3)
  4 ancient liches
  2 shard shrikes (Coc:2)
  Bai Suzhen (Crypt:1)
  Xtahua (Vaults:4)
  Geryon (Hell)
  Jory (Vaults:4)
  A profane servitor (Crypt:3)
  Nikola (Depths:1)
  6 Tzitzimimeh
  2 doom hounds (Tar:7)
  A bone dragon (Crypt:3)
  4 Brimstone Fiends (Geh:7)
  A tentacled monstrosity (Vaults:5)
  3 liches
  An ancient champion (Crypt:3)
  2 titans (Vaults:5)
  An Executioner (Coc:2)
  3 sphinxes
  15 acid blobs
  Gastronok (D:8)
  6 shadow dragons
  Kirke (Lair:6)
  2 thorn hunters
  5 storm dragons (Vaults:5)
  7 azure jellies
  4 tengu reavers (Vaults:5)
  2 revenants
  4 frost giants
  3 fire giants
  A deep elf sorcerer (Vaults:4)
  3 balrugs (Geh:7)
  17 vault wardens
  2 iron dragons (Vaults:5)
  3 emperor scorpions (Spider:4)
  6 ghost moths
  2 deep elf elementalists (Vaults:5)
  A ghoul (Crypt:3)
  11 ironheart preservers
  11 reapers
  6 very ugly things
  11 stone giants
  A vampire knight (Tar:7)
  An entropy weaver (Spider:4)
  A deep elf annihilator (Vaults:2)
  A spectral titan (Crypt:3)
  An orange crystal statue (WizLab)
  5 ettins
  6 deep elf death magi
  Snorg (D:12)
  An eidolon (Crypt:2)
  14 death oozes
  16 jiangshi
  A quicksilver dragon zombie (Tar:6)
  2 fire dragons
  2 mummy priests (Crypt:3)
  6 yaktaur captains
  3 deep elf high priests (Vaults:5)
  6 great orbs of eyes
  39 vault guards
  12 hydras
  A great orb of eyes (shapeshifter) (Vaults:5)
  5 ice dragons
  Harold (D:8)
  2 rakshasas
  A ghost crab (Tar:5)
  A deep troll shaman (Depths:1)
  A spectral stone giant (Zig:6)
  6 centaur warriors
  6 alligators
  3 tengu warriors (Depths:2)
  8 death yaks
  7 death knights
  7 hell hogs
  20 two-headed ogres
  6 deep troll earth magi
  2 dancing weapons (Vaults:5)
  A two-headed ogre (shapeshifter) (Vaults:5)
  9 ogre magi
  3 orc high priests
  3 vampire magi
  2 iron golems
  3 titan zombies
  6 sun demons
  5 soul eaters
  2 deep elf knights
  A spriggan (Swamp:1)
  7 shadow wraiths
  A deep troll (shapeshifter) (D:14)
  26 skeletal warriors
  2 ghost moth zombies
  A golden dragon zombie (Geh:7)
  21 hell knights
  2 titan skeletons
  17 deep trolls
  3 unseen horrors
  4 anaconda zombies
  8 flayed ghosts
  3 shadow demons (Tar:7)
  A sea snake (shapeshifter) (Vaults:5)
  3 glowing orange brains
  A sphinx zombie (Hell)
  7 phantasmal warriors
  A death drake (Tar:1)
  13 swamp dragons
  2 kraken simulacra (Hell)
  9 ironbrand convokers
  4 wizards
  3 deep elf archers
  3 anaconda skeletons
  2 golden dragon skeletons
  9 necromancers
  A lindwurm (Lair:4)
  9 orc knights
  6 orc sorcerers
  4 deep elf magi
  Pikel (D:5)
  3 shadow dragon skeletons
  4 fire giant zombies
  24 orb spiders
  5 oklob plants
  A wolf spider zombie (Tar:7)
  A moth of wrath (shapeshifter) (Vaults:5)
  10 cyclopes
  23 ugly things
  3 stone giant zombies
  5 shining eyes
  38 wolf spiders
  2 stone giant skeletons
  A manticore (D:14)
  2 moths of wrath
  A guardian serpent (shapeshifter) (Vaults:4)
  4 black mambas
  3 centaur zombies
  4 rust devils
  A sphinx skeleton (Vaults:2)
  2 fire giant skeletons
  17 vault sentinels
  3 torpor snails
  A gargoyle (D:14)
  3 frost giant skeletons
  5 molten gargoyles (Geh:7)
  3 ice statues
  Maurice (Orc:1)
  11 spiny frogs
  14 hellions
  An eye of devastation (Slime:4)
  A centaur skeleton (D:10)
  4 komodo dragons
  A storm dragon simulacrum (Tar:7)
  6 smoke demons
  4 rime drakes
  2 efreet
  7 ice devils
  17 yaktaurs
  13 freezing wraiths
  A meliai (shapeshifter) (D:14)
  2 redback zombies
  2 human skeletons
  4 tormentors
  4 hydra zombies
  9 demonic crawlers
  7 guardian mummies (Crypt:3)
  A harpy zombie (Geh:7)
  10 red devils
  7 trolls
  35 jumping spiders
  2 catoblepas skeletons (Geh:7)
  A meliai (D:14)
  5 tyrant leeches
  2 trolls (shapeshifter)
  9 hornets
  A queen bee (shapeshifter) (D:14)
  11 bog bodies
  5 silent spectres
  10 polar bears
  4 harpy skeletons
  4 spriggan zombies
  79 slime creatures
  An alligator zombie (Geh:7)
  2 deep troll zombies (Hell)
  A raiju (Lair:6)
  A hydra skeleton (Hell)
  A fire dragon zombie (Tar:2)
  A frost giant simulacrum (Crypt:2)
  A slime creature (shapeshifter) (D:14)
  11 hippogriffs
  7 blink frogs
  A hippogriff (shapeshifter) (D:14)
  77 flying skulls
  2 human simulacra
  An ice dragon zombie (Geh:4)
  A fire dragon skeleton (Tar:6)
  12 shadows
  Sigmund (D:3)
  A centaur simulacrum (D:15)
  11 wraiths
  48 redbacks
  A redback (shapeshifter) (Vaults:2)
  A water elemental (Coc:1)
  35 yaks
  3 large abominations
  2 wyverns
  28 tarantellas
  4 hogs (Lair:6)
  4 ettin skeletons
  4 hungry ghosts
  5 basilisks
  12 fire elementals
  18 vampire mosquitoes
  5 wargs
  A two-headed ogre zombie (D:11)
  2 acid dragons (D:14)
  2 soldier ants (D:14)
  A tengu zombie (Hell)
  Duvessa (D:4)
  A spiny frog zombie (Hell)
  38 hell hounds
  10 swamp worms
  31 orc warriors
  3 porcupines
  10 water moccasins
  A hornet zombie (D:14)
  2 swamp drakes
  5 eyes of draining
  2 snapping turtle zombies
  An ettin simulacrum (Vaults:2)
  6 phantoms
  26 ice beasts
  6 sky beasts
  3 spiny frog skeletons
  13 black bears
  13 necrophages
  35 ogres
  8 boggarts
  28 wolves
  A lindwurm skeleton (Crypt:1)
  A snapping turtle skeleton (Tar:7)
  A manticore skeleton (Tar:6)
  2 crocodiles (Lair:4)
  A crocodile (shapeshifter) (Vaults:3)
  7 centaurs
  A yaktaur zombie (Hell)
  An elf simulacrum (Vaults:4)
  A wyvern zombie (D:14)
  16 bullfrogs
  A hornet simulacrum (D:14)
  A scorpion (D:5)
  3 small abominations
  Dowan (D:4)
  4 killer bees
  A troll zombie (D:11)
  A shapeshifter zombie (Crypt:2)
  A troll skeleton (Tar:7)
  13 wights
  2 electric eels
  2 howler monkeys
  4 bullfrog zombies
  9 crimson imps
  6 jellies
  2 quasits (D:13)
  4 hounds
  18 orc priests
  3 bullfrog skeletons
  17 orc wizards
  7 iguanas
  6 worker ants
  7 hell rats
  A killer bee zombie (D:8)
  A spriggan simulacrum (Crypt:3)
  5 ogre zombies (D:11)
  2 hound zombies
  A hound skeleton (D:6)
  2 howler monkey zombies
  A worker ant zombie (D:11)
  A gnoll (D:8)
  2 river rats (D:4)
  18 adders
  13 shadow imps
  An ooze (D:4)
  2 adder skeletons
  3 worms
  2 dart slugs
  5 leopard geckos
  95 orcs
  2 ball pythons
  2 bats (D:3)
  6 giant cockroaches
  8 goblins
  4 hobgoblins
  9 jackals
  3 kobolds
  8 quokkas
  4 frilled lizards
  2 goblin skeletons (D:11)
  A goblin zombie (D:11)
  2 hobgoblin zombies (D:11)
  2 orc skeletons (D:11)
  12 orc zombies
  A quokka skeleton (D:6)
  6 rats
  2 crawling corpses
  2 fungi (Lair:6)
  4 plants
  4 tentacles (Hell)
1970 creatures vanquished.

Vanquished Creatures (collateral kills)
  Margery (Vaults:4)
  2 acid blobs (Slime:3)
  2 shadow dragons (Vaults:5)
  A tengu reaver (Vaults:5)
  2 azure jellies
  A fire giant (Vaults:5)
  A vault warden (Vaults:5)
  A curse skull (Crypt:1)
  2 stone giants
  Nessos (Lair:5)
  A deep elf demonologist (Vaults:5)
  A vampire knight (Crypt:2)
  An ettin (Vaults:5)
  A fire dragon (Vaults:3)
  An ogre mage (Vaults:3)
  A great orb of eyes (Slime:3)
  A ghost crab (Swamp:3)
  5 hydras
  A death knight (D:14)
  A two-headed ogre (Vaults:3)
  A death yak (Lair:6)
  An orc high priest (Orc:2)
  A hell knight (Vaults:4)
  A skeletal warrior (Crypt:1)
  An unseen horror (D:11)
  A glowing orange brain (Slime:2)
  2 phantasmal warriors (Crypt:1)
  5 ugly things
  5 slime creatures
  A shining eye (Slime:2)
  A black mamba (Lair:6)
  2 vault sentinels (Vaults:4)
  Psyche (D:11)
  2 spiny frogs
  A centaur skeleton (D:11)
  A sea snake zombie (Crypt:2)
  A pale draconian zombie (Crypt:1)
  A polar bear (Lair:6)
  2 trolls
  A redback (Spider:2)
  2 shadows
  A hell hound (Lair:6)
  A water moccasin (Lair:6)
  5 orc warriors
  A porcupine (Lair:4)
  2 black bears (Lair:6)
  An ogre (Orc:1)
  A crocodile (Lair:6)
  A wolf (Lair:6)
  A bullfrog (Lair:4)
  2 orc priests
  An orc wizard (Orc:2)
  An ogre zombie (D:11)
  8 orcs
  A goblin zombie (D:11)
  A hobgoblin zombie (D:11)
  4 orc zombies (D:11)
94 creatures vanquished.

Vanquished Creatures (others)
  A two-headed ogre (Vaults:3)
  A hell hog (Geh:2)
  A rime drake (Zig:4)
  A polar bear (Lair:6)
  A hornet (Swamp:3)
  A shadow (Geh:4)
  2 hell hounds (Hell)
  A spiny frog skeleton (Geh:1)
  A swamp drake (Swamp:3)
  An orc priest (Orc:2)
  2 orcs (D:5)
  2 briar patches (Zig:5)
  3 fungi (Lair:6)
  15 plants
  8 tentacles
41 creatures vanquished.

Grand Total: 2105 creatures vanquished

Notes
Turn   | Place    | Note
-------+----------+-------------------------------------------
     0 | D:1      | Lavandula the Centaur Berserker began the quest for the Orb.
     0 | D:1      | Reached XP level 1. HP: 19/19 MP: 1/1
    82 | D:2      | Reached skill level 3 in Axes
   103 | D:2      | Reached XP level 2. HP: 12/26 MP: 2/2
   205 | D:2      | Reached XP level 3. HP: 18/31 MP: 3/3
   252 | D:3      | Noticed Sigmund
   321 | D:2      | Reached skill level 4 in Axes
   324 | D:2      | Reached ** piety under Trog
   504 | D:3      | Found a faded altar of an unknown god.
   572 | D:3      | HP: 1/31 [hound (5)]
   575 | D:3      | Reached XP level 4. HP: 2/38 MP: 4/4
   694 | D:4      | Reached skill level 5 in Axes
   708 | D:4      | Reached XP level 5. HP: 18/45 MP: 5/5
   777 | D:4      | Found a glowing drain.
   843 | D:4      | Found Heh Weurio's Magic Scroll Boutique.
   860 | D:4      | Bought a scroll of blinking for 105 gold pieces
   890 | D:4      | Reached skill level 6 in Axes
   892 | D:4      | Reached XP level 6. HP: 40/51 MP: 6/6
   955 | D:4      | Found a hazy altar of Hepliaklqana.
   955 | D:4      | Found a stormy altar of Qazlal.
  1039 | D:5      | Entered Level 5 of the Dungeon
  1057 | D:5      | Found a shadowy altar of Dithmenos.
  1143 | D:5      | Reached skill level 7 in Axes
  1179 | D:5      | Noticed an ice beast
  1193 | D:5      | Killed an ice beast
  1193 | D:5      | Reached XP level 7. HP: 19/57 MP: 7/7
  1264 | D:5      | Noticed Pikel
  1274 | D:5      | Killed Pikel
  1274 | D:5      | Reached skill level 8 in Axes
  1363 | D:4      | Reached skill level 9 in Axes
  1363 | D:4      | Reached XP level 8. HP: 28/63 MP: 8/8
  1449 | D:4      | Noticed Duvessa
  1602 | D:3      | Killed Sigmund
  1752 | D:4      | Noticed Dowan
  1774 | D:4      | Killed Dowan
  1776 | D:4      | Killed Duvessa
  1776 | D:4      | Reached *** piety under Trog
  1972 | D:5      | Reached skill level 1 in Shields
  2084 | D:5      | Got a transparent scale mail
  2186 | D:6      | HP: 1/63 [orc priest/divine providence (12)]
  2191 | D:7      | Noticed a hippogriff
  2362 | D:6      | Identified the +8 scale mail of Zin's Wrath {rN+} (You found it on level 5 of the Dungeon)
  2635 | D:6      | Reached XP level 9. HP: 46/69 MP: 9/9
  3139 | D:7      | Found a staircase to the Ecumenical Temple.
  3231 | D:7      | Reached **** piety under Trog
  3250 | D:7      | Reached skill level 1 in Throwing
  3595 | D:8      | Reached XP level 10. HP: 47/77 MP: 10/10
  3738 | D:8      | Got an ancient leather armour
  3836 | D:8      | Noticed Harold
  3849 | D:8      | Killed Harold
  3849 | D:8      | Reached skill level 5 in Dodging
  3892 | D:8      | Noticed Gastronok
  3932 | D:8      | Killed Gastronok
  3967 | D:8      | Reached skill level 10 in Axes
  4050 | D:8      | Found a burning altar of Makhleb.
  4490 | D:9      | Received a gift from Trog
  4635 | D:9      | Reached XP level 11. HP: 82/82 MP: 11/11
  4698 | D:10     | Entered Level 10 of the Dungeon
  4758 | D:10     | Reached skill level 5 in Fighting
  4781 | D:10     | Reached skill level 1 in Evocations
  4988 | D:10     | Found a staircase to the Lair.
  4989 | D:10     | Noticed an oklob plant
  4997 | D:10     | Killed an oklob plant
  5051 | D:10     | Killed an unseen horror
  5063 | D:10     | Reached ***** piety under Trog
  5072 | D:10     | Noticed a two-headed ogre
  5076 | D:10     | Killed a two-headed ogre
  5223 | D:10     | Reached skill level 11 in Axes
  5496 | D:11     | Noticed Psyche
  5722 | D:4      | Bought a scroll of teleportation for 42 gold pieces
  5722 | D:4      | Bought a scroll of enchant weapon for 105 gold pieces
  5722 | D:4      | Bought a scroll of immolation for 49 gold pieces
  5722 | D:4      | Bought a scroll of enchant armour for 105 gold pieces
  5722 | D:4      | Bought a scroll of random uselessness for 14 gold pieces
  5747 | D:4      | Identified the +1 leather armour "Ytusus" {Regen+ Dex+3} (You found it on level 8 of the Dungeon)
  6032 | D:9      | Noticed a two-headed ogre
  6249 | D:11     | Found a staircase to the Orcish Mines.
  6335 | D:11     | Killed an unseen horror
  6340 | D:11     | Killed Psyche
  6342 | D:11     | Received a gift from Trog
  6342 | D:11     | Reached skill level 12 in Axes
  6345 | D:11     | Noticed a brown ugly thing
  6346 | D:11     | Noticed a cyan ugly thing
  6351 | D:11     | Killed a brown ugly thing
  6352 | D:11     | Killed a cyan ugly thing
  6420 | D:11     | Noticed a cyan ugly thing
  6451 | Orc:1    | Entered Level 1 of the Orcish Mines
  6455 | Orc:1    | Noticed an orc high priest
  6458 | Orc:1    | Noticed Maurice
  6463 | Orc:1    | Killed an orc high priest
  6476 | Orc:1    | Reached XP level 12. HP: 35/94 MP: 15/15
  6479 | Orc:1    | Killed Maurice
  6482 | Orc:1    | HP: 7/141 [something/magic dart (5)]
  6490 | Orc:1    | Received a gift from Trog
  6543 | Orc:1    | Reached skill level 13 in Axes
  6639 | Orc:1    | Noticed a two-headed ogre
  6661 | Orc:1    | Killed a two-headed ogre
  6706 | Orc:1    | Found Hujil's Armour Emporium.
  6715 | Orc:1    | Bought a +0 pair of gloves for 81 gold pieces
  6836 | Orc:2    | Entered Level 2 of the Orcish Mines
  6892 | Orc:2    | Noticed a stone giant
  7035 | Orc:2    | Killed a stone giant
  7212 | Orc:2    | Found a runed door.
  7236 | Orc:2    | Found a runed door.
  7255 | Orc:2    | Found the +10 large shield of Ignorance {rN+ Int-4}
  7367 | Orc:2    | Found a staircase to the Elven Halls.
  7416 | Orc:2    | Found a roughly hewn altar of Beogh.
  7589 | Orc:2    | Reached skill level 14 in Axes
  7721 | Orc:2    | Noticed an orc high priest
  7741 | Orc:2    | Noticed an orc high priest
  7744 | Orc:2    | Killed an orc high priest
  7759 | Orc:2    | Killed an orc high priest
  7837 | Orc:2    | Noticed an orc high priest
  7848 | Orc:2    | Killed an orc high priest
  8025 | Orc:2    | Found Heimussi's Assorted Antiques.
  8025 | Orc:2    | Found Karufada's Weapon Shoppe.
  8027 | Orc:2    | Found Rigikk's Magic Scroll Shop.
  8027 | Orc:2    | Found Duddevve's Antique Weapon Shoppe.
  8041 | Orc:2    | Bought a scroll of enchant weapon for 97 gold pieces
  8041 | Orc:2    | Bought a scroll of torment for 97 gold pieces
  8041 | Orc:2    | Bought a scroll of silence for 97 gold pieces
  8044 | Orc:2    | Bought a metallic golden potion for 32 gold pieces
  8044 | Orc:2    | Bought a scroll labeled GATABIUNAL for 36 gold pieces
  8044 | Orc:2    | Bought a scroll of teleportation for 108 gold pieces
  8044 | Orc:2    | Bought a shiny brass ring for 180 gold pieces
  8123 | Orc:1    | Reached skill level 15 in Axes
  8300 | Lair:1   | Entered Level 1 of the Lair of Beasts
  8339 | Lair:1   | Found a frozen archway.
  8359 | IceCv    | Entered an ice cave
  8492 | IceCv    | Reached XP level 13. HP: 80/100 MP: 5/16
  8494 | IceCv    | Received a gift from Trog
  8908 | IceCv    | Got a wavering ivory ring
  8910 | IceCv    | Identified the cursed ring "Usiasiasi" {rElec rN+ AC-2 Int+6 Dex+3} (You found it in an ice cave)
  9244 | Lair:3   | Found a hole to the Spider Nest.
  9312 | Lair:4   | Reached skill level 16 in Axes
  9406 | Lair:5   | Noticed Nessos
  9417 | Lair:5   | Killed Nessos
  9445 | Lair:6   | Entered Level 6 of the Lair of Beasts
  9557 | Lair:6   | Identified a scroll of acquirement
  9628 | Lair:6   | Got a pair of distressingly furry gloves
  9639 | Lair:6   | Identified the +1 pair of gloves of the Kangaroo {rF+} (You acquired it on level 6 of the Lair of Beasts)
  9721 | Lair:6   | Received a gift from Trog
  9807 | Lair:6   | Reached skill level 5 in Armour
  9972 | Lair:6   | Noticed Kirke
  9987 | Lair:6   | Killed Kirke
 10005 | Lair:6   | Upgraded the game from 0.22-b1-26-g9dbaab1112 to 0.22.0
 10057 | Lair:6   | Paralysed by fainting for 12 turns
 10095 | Lair:6   | Found a staircase to the Slime Pits.
 10420 | Lair:6   | Reached XP level 14. HP: 55/114 MP: 5/17
 10489 | Lair:6   | Received a gift from Trog
 11071 | Lair:4   | Found a staircase to the Swamp.
 11312 | Lair:3   | Received a gift from Trog
 11455 | Lair:4   | Got a pair of bloodstained gloves
 11461 | Lair:4   | Identified the +2 pair of gloves of Makhleb's Hope {*Drain rF+ Dex+8} (You acquired it on level 4 of the Lair of Beasts)
 11588 | Swamp:1  | Entered Level 1 of the Swamp
 11736 | Swamp:1  | Received a gift from Trog
 11984 | Swamp:2  | Reached skill level 17 in Axes
 11986 | Swamp:2  | Noticed a red very ugly thing
 12097 | Swamp:2  | Killed a red very ugly thing
 12489 | Swamp:4  | Entered Level 4 of the Swamp
 12503 | Swamp:3  | Reached XP level 15. HP: 104/126 MP: 18/18
 12507 | Swamp:3  | Noticed a thorn hunter
 12742 | Swamp:3  | HP: 7/189 [swamp worm/harpoon shot (15)]
 12936 | Swamp:4  | Received a gift from Trog
 12970 | Swamp:4  | Reached skill level 18 in Axes
 12977 | Swamp:4  | Noticed a thorn hunter
 13096 | Swamp:4  | Killed a thorn hunter
 13388 | Swamp:4  | Got a decaying rune of Zot
 13561 | Spider:1 | Entered Level 1 of the Spider Nest
 13887 | Spider:1 | Reached skill level 19 in Axes
 14050 | Spider:2 | Received a gift from Trog
 14253 | Spider:2 | Received a gift from Trog
 14373 | Spider:2 | Reached XP level 16. HP: 62/134 MP: 19/19
 14616 | Spider:3 | Received a gift from Trog
 14621 | Spider:3 | Got a brightly glowing broad axe {god gift}
 14626 | Spider:2 | Identified the +5 broad axe "Relujux" {venom, MR+} (Trog gifted it to you on level 3 of the Spider Nest)
 14668 | Spider:3 | Reached skill level 20 in Axes
 14999 | Spider:4 | Entered Level 4 of the Spider Nest
 15174 | Spider:4 | Identified the Almanac of the Vitriolic Frostbite
 15624 | Spider:4 | Received a gift from Trog
 16060 | Spider:4 | Reached ****** piety under Trog
 16120 | Spider:4 | Received a gift from Trog
 16289 | Spider:4 | Reached skill level 10 in Dodging
 16524 | Spider:4 | Got a gossamer rune of Zot
 17168 | Orc:2    | Bought a wand of enslavement (11) for 72 gold pieces
 17170 | Orc:2    | Bought a scroll of fog for 26 gold pieces
 17170 | Orc:2    | Bought a scroll of immolation for 45 gold pieces
 17170 | Orc:2    | Bought a scroll of immolation for 45 gold pieces
 17340 | D:12     | Reached skill level 10 in Fighting
 17396 | D:12     | Noticed Snorg
 17410 | D:12     | Killed Snorg
 17549 | D:14     | Reached XP level 17. HP: 114/141 MP: 20/20
 17643 | D:15     | Entered Level 15 of the Dungeon
 17679 | D:14     | Found an opulent altar of Gozag.
 17815 | D:14     | Found a runed door.
 17816 | D:14     | Found a runed door.
 17819 | D:14     | Found a runed door.
 17943 | D:14     | Received a gift from Trog
 18027 | D:14     | Got a wavering turquoise ring
 18054 | D:14     | Identified the ring "Bikae" {Fire -Tele rPois Str+4 Slay+3} (You found it on level 14 of the Dungeon)
 18057 | D:14     | Got a sparkling ruby amulet
 18061 | D:14     | Got a glittering wooden ring
 18062 | D:14     | Identified the ring "Ovyg" {*Corrode rN+++ SInv} (You found it on level 14 of the Dungeon)
 18063 | D:14     | Identified the amulet "Jiachize" {Reflect rPois rN+ Str+4 SH+4} (You took it off a death knight on level 14 of the Dungeon)
 18070 | D:14     | Identified the ring "Zasigihu" {Wiz rPois} (You found it on level 14 of the Dungeon)
 18512 | D:13     | Found a gate to the Vaults.
 18525 | D:13     | Received a gift from Trog
 18586 | Vaults:1 | Entered Level 1 of the Vaults
 18690 | Vaults:2 | Received a gift from Trog
 18884 | Vaults:3 | Found a magical portal.
 19076 | Vaults:3 | Found a flickering gateway to a bazaar.
 19084 | Bazaar   | Entered a bazaar
 19084 | Bazaar   | Found Zaobes's General Store.
 19084 | Bazaar   | Found Equdol's Jewellery Shoppe.
 19084 | Bazaar   | Found Nuecvuv's Assorted Antiques.
 19086 | Bazaar   | Found Teohin's Gadget Shop.
 19086 | Bazaar   | Found Kiwakhlalyt's Armour Emporium.
 19106 | Bazaar   | Bought a scroll of fear for 59 gold pieces
 19127 | Bazaar   | Bought the +6 scale mail of Ibykusoze {Regen+ Str+2 Stlth+} for 816 gold pieces
 19138 | Bazaar   | Bought a scroll of enchant armour for 120 gold pieces
 19139 | Bazaar   | Bought a scroll of teleportation for 48 gold pieces
 19142 | Bazaar   | Bought the ring "Gofa" {rElec Int+4 SInv Stlth+} for 396 gold pieces
 19155 | Bazaar   | Bought a box of beasts for 180 gold pieces
 19235 | WizLab   | Entered Wucad Mu's Monastery
 19302 | WizLab   | Found the +9 staff of Wucad Mu {channel}
 19379 | WizLab   | Reached skill level 15 in Fighting
 19379 | WizLab   | Reached XP level 18. HP: 163/163 MP: 21/21
 19577 | Vaults:2 | Found Icuagg's Magic Scroll Shoppe.
 19769 | Vaults:2 | Received a gift from Trog
 19861 | Vaults:2 | Reached XP level 19. HP: 172/172 MP: 22/22
 20173 | Vaults:2 | Received a gift from Trog
 20367 | Vaults:2 | Found a staircase to the Crypt.
 20367 | Vaults:2 | Found an ancient bone altar of Kikubaaqudgha.
 20368 | Vaults:2 | Found a basalt altar of Yredelemnul.
 20387 | Crypt:1  | Entered Level 1 of the Crypt
 20858 | Crypt:3  | Entered Level 3 of the Crypt
 21108 | Crypt:3  | Found an ancient bone altar of Kikubaaqudgha.
 21212 | Crypt:3  | Received a gift from Trog
 21233 | Crypt:3  | Got a fine hand axe {god gift}
 21237 | Crypt:3  | Identified the +11 hand axe "Pymun" {speed, Str+2 Int-4 Dex+4} (Trog gifted it to you on level 3 of the Crypt)
 21515 | Crypt:3  | Reached skill level 21 in Axes
 21662 | Crypt:3  | Noticed a bone dragon
 21672 | Crypt:3  | Killed a bone dragon
 21712 | Crypt:3  | Paralysed by fainting for 5 turns
 21762 | Crypt:3  | Noticed a profane servitor
 21775 | Crypt:3  | Killed a profane servitor
 21828 | Crypt:3  | Reached XP level 20. HP: 130/184 MP: 7/23
 21921 | Crypt:3  | Found a staircase to the Tomb.
 21921 | Crypt:3  | Noticed Khufu
 21934 | Crypt:3  | Killed Khufu
 21964 | Tomb:1   | Entered Level 1 of the Tomb of the Ancients
 22089 | Crypt:3  | Received a gift from Trog
 22205 | Crypt:1  | Noticed Bai Suzhen
 22222 | Crypt:1  | Killed Bai Suzhen
 22525 | Vaults:4 | Noticed Margery
 22538 | Vaults:4 | Received a gift from Trog
 22543 | Vaults:4 | HP: 4/182 [Margery/bolt of fire (14)]
 22572 | Vaults:4 | Noticed Xtahua
 22574 | Vaults:4 | Killed Margery
 22586 | Vaults:4 | Killed Xtahua
 22600 | Vaults:4 | Reached skill level 22 in Axes
 22629 | Vaults:4 | Killed the ghostly Margery
 23146 | Vaults:4 | Found Waimafamm's Antique Armour Shoppe.
 23163 | Vaults:4 | Received a gift from Trog
 23179 | Vaults:4 | Noticed Jory
 23198 | Vaults:4 | Killed Jory
 23274 | Vaults:5 | Entered Level 5 of the Vaults
 23282 | Vaults:5 | Reached XP level 21. HP: 182/194 MP: 24/24
 23282 | Vaults:5 | Reached skill level 23 in Axes
 23295 | Vaults:5 | Received a gift from Trog
 23298 | Vaults:5 | Noticed an ancient lich
 23671 | Vaults:5 | Killed an ancient lich
 23894 | Vaults:5 | Reached skill level 10 in Armour
 23895 | Vaults:5 | Noticed an ancient lich
 23910 | Vaults:5 | Killed an ancient lich
 24017 | Vaults:5 | Received a gift from Trog
 24029 | Vaults:5 | Got a silver rune of Zot
 24282 | Vaults:5 | Identified Nauq's Almanac of Flight
 24393 | Vaults:5 | Reached XP level 22. HP: 180/202 MP: 25/25
 24897 | Vaults:2 | Bought a scroll of blinking for 120 gold pieces
 24897 | Vaults:2 | Bought a scroll of blinking for 120 gold pieces
 24897 | Vaults:2 | Bought a scroll of enchant armour for 120 gold pieces
 24897 | Vaults:2 | Bought a scroll of fog for 32 gold pieces
 24897 | Vaults:2 | Bought a scroll of immolation for 56 gold pieces
 24897 | Vaults:2 | Bought a scroll of magic mapping for 56 gold pieces
 24897 | Vaults:2 | Bought a scroll of magic mapping for 56 gold pieces
 25426 | Slime:1  | Entered Level 1 of the Pits of Slime
 25440 | Slime:1  | Reached skill level 24 in Axes
 25510 | Slime:2  | Gained mutation: Your body sometimes deteriorates upon taking damage. [a shining eye]
 25512 | Slime:2  | Gained mutation: Your body often deteriorates upon taking damage. [a shining eye]
 25513 | Slime:2  | Gained mutation: Scrolls take you a little longer to read. [a shining eye]
 25514 | Slime:2  | Gained mutation: You are frail. (-10% HP) [a shining eye]
 25544 | Slime:3  | Gained mutation: You occasionally shout uncontrollably at your foes. [a shining eye]
 25546 | Slime:3  | Gained mutation: You tend to lose your temper in combat. [a shining eye]
 25637 | Slime:5  | Entered Level 5 of the Pits of Slime
 25662 | Slime:5  | Noticed the Royal Jelly
 26118 | Slime:5  | Found the +2 robe of Vines {NoPotionHeal Regen+7}
 26119 | Slime:5  | Found a viscous altar of Jiyva.
 26123 | Slime:5  | Found the ring of the Mage {Wiz MR++ Int+3}
 26270 | Slime:5  | Received a gift from Trog
 26386 | Slime:5  | Killed the Royal Jelly
 26416 | Slime:5  | Identified the cursed +0 plate armour "Weotozur" {rF+ Regen+ Dex-4 Stlth+} (You found it on level 5 of the Pits of Slime)
 26427 | Slime:5  | Got a slimy rune of Zot
 26428 | Slime:5  | Identified Sif Muna's Collected Works on the Blaze and the Snowflakes
 26457 | Slime:5  | Identified Damal's Disquisition on the Entrancing Traveller
 26815 | Temple   | Entered the Ecumenical Temple
 26959 | Temple   | Fell from the grace of Trog
 26959 | Temple   | Became a worshipper of the Shining One
 27265 | D:15     | Found Ete Ruwn's Assorted Antiques.
 27283 | D:15     | Bought a scroll of teleportation for 114 gold pieces
 27283 | D:15     | Bought 2 potions of haste for 760 gold pieces
 27283 | D:15     | Bought a wand of paralysis (16) for 76 gold pieces
 27283 | D:15     | Bought a knobbly silver ring for 190 gold pieces
 27320 | D:15     | Reached skill level 25 in Axes
 27355 | D:15     | Learned a level 2 spell: Shroud of Golubria
 27370 | D:15     | Learned a level 2 spell: Song of Slaying
 27374 | D:15     | Learned a level 3 spell: Spectral Weapon
 27460 | D:15     | Found a staircase to the Depths.
 27462 | D:15     | Reached skill level 1 in Spellcasting
 27474 | Depths:1 | Entered Level 1 of the Depths
 27476 | Depths:1 | Found a shattered altar of Ashenzari.
 27477 | Depths:1 | Reached * piety under the Shining One
 27482 | Depths:1 | Reached skill level 1 in Charms
 27496 | Depths:1 | Found Rol Qonk's Jewellery Shop.
 27496 | Depths:1 | Found Rarawitz's Gadget Emporium.
 27497 | Depths:1 | Found Gafely's Gadget Emporium.
 27550 | Depths:1 | Found a gateway to Hell.
 27587 | Hell     | Entered the Vestibule of Hell
 27587 | Hell     | Noticed Geryon
 27599 | Hell     | Reached ** piety under the Shining One
 27812 | Hell     | Reached *** piety under the Shining One
 27815 | Hell     | Reached skill level 1 in Invocations
 27907 | Depths:1 | Found a one-way gate to the infinite horrors of the Abyss.
 27911 | Depths:1 | Noticed Nikola
 27951 | Depths:1 | Killed Nikola
 27972 | Depths:1 | HP: 8/178 [deep troll[the rage of Trog] (22)]
 27972 | Depths:1 | HP: 3/178 [deep troll[the rage of Trog] (5)]
 28195 | Depths:1 | Reached skill level 5 in Evocations
 28240 | Depths:2 | Found a gateway to a ziggurat.
 28294 | Depths:2 | Reached XP level 23. HP: 74/182 MP: 27/27
 28527 | Zig:1    | Entered Level 1 of a ziggurat
 28549 | Zig:2    | Entered Level 2 of a ziggurat
 28566 | Zig:2    | Lost mutation: You occasionally shout uncontrollably at your foes. [potion of mutation]
 28566 | Zig:2    | Lost mutation: Your body often deteriorates upon taking damage. [potion of mutation]
 28566 | Zig:2    | Lost mutation: You tend to lose your temper in combat. [potion of mutation]
 28566 | Zig:2    | Lost mutation: Your body sometimes deteriorates upon taking damage. [potion of mutation]
 28566 | Zig:2    | Gained mutation: Your magical capacity is low. (-10% MP) [potion of mutation]
 28566 | Zig:2    | Gained mutation: Your spells are a little harder to cast, but a little more powerful. [potion of mutation]
 28566 | Zig:2    | Gained mutation: You can translocate small distances at will. [potion of mutation]
 28568 | Zig:3    | Entered Level 3 of a ziggurat
 28591 | Zig:3    | Identified the Collected Works on Freezing Malediction
 28595 | Zig:4    | Entered Level 4 of a ziggurat
 28598 | Zig:4    | Reached **** piety under the Shining One
 28623 | Zig:5    | Entered Level 5 of a ziggurat
 28627 | Zig:5    | Learned a level 1 spell: Apportation
 28830 | Zig:5    | Reached skill level 5 in Spellcasting
 28891 | Zig:6    | Entered Level 6 of a ziggurat
 28931 | Zig:6    | Identified the Incunabulum of Translocation and the Birds
 29168 | Depths:1 | Reached skill level 5 in Invocations
 29204 | Hell     | Killed Geryon
 29248 | Hell     | Found a gateway to the ashen valley of Gehenna.
 29252 | Hell     | Reached ***** piety under the Shining One
 29266 | Geh:1    | Entered Level 1 of Gehenna
 29266 | Geh:1    | Found a gateway to Hell.
 29347 | Geh:2    | Found a gateway to Hell.
 29347 | Geh:2    | Found a gateway to Hell.
 29390 | Geh:3    | Found a gateway to Hell.
 29412 | Geh:3    | Reached ****** piety under the Shining One
 29417 | Geh:3    | Found a gateway to Hell.
 29493 | Geh:4    | Found a gateway to Hell.
 29494 | Geh:4    | Identified a +9 executioner's axe of holy wrath (a +8 executioner's axe of flaming blessed by the Shining One)
 29494 | Geh:4    | Received a gift from the Shining One
 29523 | Geh:4    | Found a gateway to Hell.
 29543 | Geh:4    | You fall through a shaft for 2 floors!
 29551 | Geh:6    | Found a gateway to Hell.
 29584 | Geh:7    | Entered Level 7 of Gehenna
 29584 | Geh:7    | Found a gateway to Hell.
 29584 | Geh:7    | Found a gateway to Hell.
 29584 | Geh:7    | Found a gateway to Hell.
 29672 | Geh:7    | Reached skill level 10 in Invocations
 29761 | Geh:7    | Reached skill level 1 in Stealth
 29859 | Geh:7    | Noticed Asmodeus
 29872 | Geh:7    | Killed Asmodeus
 29880 | Geh:7    | Got an obsidian rune of Zot
 29882 | Geh:7    | Got a dazzling plate armour
 29885 | Geh:7    | Identified the cursed +1 plate armour of Reason {rF+ MR+} (You found it on level 7 of Gehenna)
 30033 | Hell     | Noticed an ancient lich
 30041 | Hell     | Killed an ancient lich
 30041 | Hell     | Reached skill level 5 in Stealth
 30050 | Hell     | Found a gateway to the decaying netherworld of Tartarus.
 30059 | Tar:1    | Entered Level 1 of Tartarus
 30059 | Tar:1    | Found a gateway to Hell.
 30110 | Tar:1    | Reached XP level 24. HP: 164/191 MP: 28/28
 30213 | Tar:2    | Found a gateway to Hell.
 30262 | Tar:3    | Found a gateway to Hell.
 30298 | Tar:3    | Found a gateway to Hell.
 30323 | Tar:5    | Found a gateway to Hell.
 30336 | Tar:5    | Found a gateway to Hell.
 30376 | Tar:5    | Found a gateway to Hell.
 30411 | Tar:6    | Found a gateway to Hell.
 30446 | Tar:6    | Found a gateway to Hell.
 30896 | Tar:6    | Found a gateway to Hell.
 30970 | Tar:7    | Entered Level 7 of Tartarus
 30970 | Tar:7    | Found a gateway to Hell.
 31190 | Tar:7    | Noticed an ancient lich
 31207 | Tar:7    | Killed an ancient lich
 31252 | Tar:7    | Got a bone rune of Zot
 31347 | Hell     | Found a gateway to the freezing wastes of Cocytus.
 31364 | Coc:1    | Entered Level 1 of Cocytus
 31364 | Coc:1    | Found a gateway to Hell.
 31381 | Coc:2    | Found a gateway to Hell.
 31381 | Coc:2    | Found a gateway to Hell.
 31383 | Coc:2    | Noticed a shard shrike
 31385 | Coc:2    | Noticed a shard shrike
 31390 | Coc:2    | Killed a shard shrike
 31395 | Coc:2    | Noticed a shard shrike
 31401 | Coc:2    | Killed a shard shrike
 31405 | Coc:2    | Demolished by a shard shrike

Skill      XL: |  1  2  3  4  5  6  7  8  9 10 11 12 13 14 15 16 17 18 19 20 21 22 23 24 |
---------------+-------------------------------------------------------------------------+-----
Axes           | 3 4 5 6 7 9 10 12 15 16 17 19 20 21 22 23 25 | 25.0
Shields        | 3 |  3.2
Armour         | 2 4 7 8 12 13 | 13.1
Throwing       | 4 |  4.0
Dodging        | 4 7 10 11 13 | 13.1
Fighting       | 5 7 9 10 15 16 18 19 | 19.4
Evocations     | 4 5 |  5.2
Spellcasting   | 2 5 |  5.7
Charms         | 3 |  3.9
Invocations    | 4 11 | 11.0
Stealth        | 5 |  5.3

Action                   |  1- 3 |  4- 6 |  7- 9 | 10-12 | 13-15 | 16-18 | 19-21 | 22-24 || total
-------------------------+-------+-------+-------+-------+-------+-------+-------+-------++-------
Melee: Hand axe          |    61 |    96 |   199 |       |       |       |       |       ||   356
       Kick              |    11 |    30 |    73 |   204 |   356 |   379 |   599 |   482 ||  2134
       Whip              |       |       |     5 |       |       |       |       |       ||     5
       War axe           |       |       |   150 |   308 |       |       |       |       ||   458
       Broad axe         |       |       |       |   236 |   897 |   791 |    73 |       ||  1997
       Battleaxe         |       |       |       |       |       |       |   997 |   248 ||  1245
       Executioner's axe |       |       |       |       |       |       |       |   658 ||   658
Throw: Javelin           |       |       |    14 |     1 |    10 |    27 |       |       ||    52
 Cast: Shroud of Golubri |       |       |       |       |       |       |       |     5 ||     5
       Song of Slaying   |       |       |       |       |       |       |       |     5 ||     5
Invok: Berserk           |     4 |     5 |    12 |    21 |    30 |    21 |    24 |     1 ||   118
       Trog's Hand       |       |     3 |     4 |     4 |     7 |     4 |     5 |     1 ||    28
       Brothers in Arms  |       |       |       |     5 |    15 |     3 |    16 |     5 ||    44
       Divine Shield     |       |       |       |       |       |       |       |     3 ||     3
       Cleansing Flame   |       |       |       |       |       |       |       |     9 ||     9
       Summon Divine War |       |       |       |       |       |       |       |     1 ||     1
       Brand Weapon With |       |       |       |       |       |       |       |     1 ||     1
 Abil: Evoke Berserk Rag |       |       |       |       |       |       |       |     3 ||     3
Evoke: Wand              |       |       |       |     5 |    13 |     6 |    10 |     3 ||    37
       Fan of gales      |       |       |       |       |     1 |       |       |       ||     1
       Phantom mirror    |       |       |       |       |     1 |       |       |       ||     1
       Lightning rod     |       |       |       |       |       |     4 |       |       ||     4
       Box of beasts     |       |       |       |       |       |       |     2 |     2 ||     4
       Lamp of fire      |       |       |       |       |       |       |       |     2 ||     2
  Use: Scroll            |     1 |     4 |     5 |     8 |    19 |    13 |    12 |    17 ||    79
       Potion            |       |       |     2 |       |     8 |     4 |     4 |    14 ||    32
 Stab: Invisible         |       |       |       |       |     1 |       |       |       ||     1
       Distracted        |       |       |       |       |       |       |     6 |     2 ||     8
       Sleeping          |       |       |       |       |       |       |     2 |       ||     2
       Confused          |       |       |       |       |       |       |     1 |       ||     1
  Eat: Chunk             |     1 |     7 |    17 |    30 |    30 |    25 |    16 |    16 ||   142
       Ration            |       |       |     1 |     3 |     7 |     4 |    12 |     4 ||    31
Armor: Animal skin       |    21 |    26 |    20 |       |       |       |       |       ||    67
       Ring mail         |       |       |    24 |       |       |       |       |       ||    24
       Scale mail        |       |       |   113 |   183 |   571 |   446 |   409 |   699 ||  2421
       Robe              |       |       |       |     8 |       |       |       |       ||     8
       Ice dragon scales |       |       |       |       |    42 |       |       |       ||    42
       Skin              |       |       |       |       |     9 |       |       |       ||     9
       Troll leather arm |       |       |       |       |     5 |    14 |     5 |       ||    24
Dodge: Dodged            |    37 |    41 |   132 |   216 |   485 |   503 |   629 |   890 ||  2933
Block: Buckler           |       |       |    33 |    77 |   209 |   233 |    22 |       ||   574
       Other             |       |       |       |       |       |       |       |    19 ||    19
